 Dungeon Crawl Stone Soup version 0.31.0-11-ge490571c62 (webtiles) character file.

Game seed: 2939674991408379972

972 qw the Nimble (level 7, -1/35 HPs)
             Began as a Spriggan Hunter on Feb 5, 2024.
             Succumbed to a scorpion's poison
             ... on level 5 of the Dungeon.
             The game lasted 00:02:18 (2940 turns).

qw the Nimble (Spriggan Hunter)                     Turns: 2940, Time: 00:02:19

Health: -1/35      AC:  7    Str:  7    XL:     7   Next: 94%
Magic:  8/8        EV: 34    Int: 10    God:
Gold:   139        SH:  0    Dex: 27    Spells: 6/6 levels left

rFire   + . .        a - +0 shortbow
rCold   . . .        (shield currently unavailable)
rNeg    . . .        g - +2 robe {rF+}
rPois   .            (helmet restricted)
rElec   .            m - +2 cloak
rCorr   .            (gloves unavailable)
SInv    +            (boots unavailable)
Will    +....        (no amulet)
Stlth   +++          f - +6 ring of dexterity
HPRegen 0.25/turn    (no ring)
MPRegen 0.11/turn

%: no passive effects
@: lethally poisoned (-1 -> -8), very quick
A: very small, no large weapons, unfitting armour, see invisible, speed 3
a: no special abilities


You were on level 5 of the Dungeon.
You visited 1 branch of the dungeon, and saw 5 of its levels.

You collected 139 gold pieces.


Innate Abilities, Weirdness & Mutations

You are very small and have problems with some larger weapons.
You are too small for most types of armour.
You have supernaturally acute eyesight. (SInv)
You cover ground extremely quickly. (Speed+++)


   Skills:
 - Level 2.1 Fighting
 + Level 7.6 Ranged Weapons
 - Level 13.8 Dodging
 - Level 1.5 Stealth


You had 6 spell levels left.
You didn't know any spells.
Your spell library was empty.

Inventory:

Hand Weapons
 a - a +0 shortbow (weapon)
Armour
 g - a +2 robe of fire resistance (worn)
 m - a +2 cloak (worn)
Jewellery
 f - a +6 ring of dexterity (left hand)
Wands
 h - a wand of flame (2)
Scrolls
 i - a scroll of enchant armour
Potions
 d - 2 potions of mutation
 e - 3 potions of curing
 k - a potion of resistance

Dungeon Overview and Level Annotations

Branches:
Dungeon (5/15)
 Temple: D:4-7

Altars:
Cheibriados
Kikubaaqudgha

Shops:
D:1 [


Message History

You feel sick.
The scorpion stings you but does no damage.
The scorpion misses you.
You shoot an arrow. The arrow closely misses the scorpion.
You feel sick. The scorpion completely misses you. x2
You shoot an arrow. The arrow hits the scorpion.
The scorpion is severely wounded.
You feel sick. The scorpion completely misses you.
The scorpion closely misses you. The scorpion completely misses you. x2
You shoot an arrow. The arrow hits the scorpion.
The scorpion is almost dead.
You feel sick. The scorpion completely misses you.
The scorpion barely misses you.
You shoot an arrow. The arrow hits the scorpion!
You kill the scorpion!
You feel sick. The scorpion barely misses you.
You shoot an arrow. The arrow hits the ogre!
The ogre is moderately wounded.
You feel sick. The scorpion misses you. The ogre misses you.
You shoot an arrow. The arrow barely misses the ogre.
You feel sick.
You are no longer poisoned.
The scorpion barely misses you. The ogre completely misses you.
The scorpion completely misses you.
You shoot an arrow. The arrow hits the ogre.
The ogre is moderately wounded.
The scorpion stings you.
You are lethally poisoned!
The scorpion poisons you!
You shoot an arrow. The arrow hits the ogre!
The ogre is severely wounded.
You feel very sick. The ogre completely misses you. The scorpion misses you.
You shoot an arrow. The arrow hits the ogre!
The ogre is almost dead.
You feel very sick. The scorpion closely misses you.
The ogre completely misses you.
You shoot an arrow. The arrow hits the ogre.
You kill the ogre!
You die...

.... .# # #... #.#
.#.#... ....
.......#####...#
..#.#...........#
................#
...........ho...>..
.s....#...#s# #
##........#@#.#
..... #...))#.#..
#....##..........
#....#..(....$...
##..........###...
..................
........<....... .
.............##.#
......#..###.# #


You could see a scorpion, a hound and an orc.

Vanquished Creatures
  Pikel (D:4)
  A black bear (D:4)
  An ogre (D:5)
  A scorpion (D:5)
  An orc priest (D:5)
  Terence (D:3)
  An iguana (D:5)
  Natasha (D:4)
  An orc wizard (D:3)
  3 gnolls (D:4)
  5 adders
  A ribbon worm (D:3)
  2 dart slugs
  13 orcs
  2 endoplasms
  2 giant cockroaches
  6 goblins
  4 hobgoblins
  7 jackals
  5 kobolds
  5 quokkas
  6 ball pythons
  8 bats
  3 frilled lizards
  10 rats
91 creatures vanquished.

Vanquished Creatures (others)
  An orc wizard (D:5)
1 creature vanquished.

Grand Total: 92 creatures vanquished

Notes
Turn   | Place    | Note
-------+----------+-------------------------------------------
     0 | D:1      | qw the Spriggan Hunter began the quest for the Orb.
     0 | D:1      | Reached XP level 1. HP: 10/10 MP: 2/2
     0 | D:1      | 0 ||| qw: Version: 0.3-a-160-g6735b56
     0 | D:1      | 0 ||| qw: Game counter: 6242
     0 | D:1      | 0 ||| qw: Melee chars always use a shield: true
     0 | D:1      | 0 ||| qw: God list: Okawaru
     0 | D:1      | 0 ||| qw: Allow faded altars: false
     0 | D:1      | 0 ||| qw: Do Orc after clearing Dungeon:15 true
     0 | D:1      | 0 ||| qw: Do second Lair branch before Depths: true
     0 | D:1      | 0 ||| qw: Lair rune preference: random
     0 | D:1      | 0 ||| qw: Goals: Normal
     0 | D:1      | 0 ||| PLANNING D:1-11
    17 | D:1      | 17 ||| RETREEEEATING.
    18 | D:1      | 18 ||| RETREEEEATING.
    21 | D:1      | Reached skill level 3 in Dodging
    34 | D:1      | Reached XP level 2. HP: 14/14 MP: 3/3
    45 | D:1      | Reached skill level 4 in Dodging
   213 | D:1      | Found Denesh's Armour Shop.
   227 | D:1      | 227 ||| SHOPLISTING +0 cloak (58 gold, have 13).
   483 | D:1      | 483 ||| READING scroll labelled ZUAN NAM EDO.
   483 | D:1      | 483 ||| IDENTIFYING metallic amethyst potion
   484 | D:1      | 484 ||| READING scroll labelled RIUDGH UXORHU.
   487 | D:1      | 487 ||| READING scroll labelled NER ZIOSKIGEP.
   488 | D:1      | 488 ||| READING scroll labelled UNOKERCHEXZA.
   489 | D:1      | 489 ||| DRINKING 3 brown potions.
   490 | D:1      | 490 ||| DROPPING scroll of butterflies.
   537 | D:2      | Reached XP level 3. HP: 18/18 MP: 4/4
   622 | D:2      | Found a snail-covered altar of Cheibriados.
   777 | D:2      | Found a faded altar of an unknown god.
  1003 | D:2      | 1003 ||| READING scroll of identify.
  1003 | D:2      | 1003 ||| IDENTIFYING amethyst potion
  1004 | D:2      | 1004 ||| DRINKING potion of experience.
  1004 | D:2      | Reached skill level 13 in Dodging
  1004 | D:2      | Reached XP level 4. HP: 22/22 MP: 5/5
  1005 | D:2      | 1005 ||| READING scroll labelled DUT GUF ZUMO.
  1006 | D:2      | 1006 ||| READING scroll labelled LUATHE DOYPPO.
  1007 | D:2      | 1007 ||| READING scroll labelled XIOKHL FIGRIDGH.
  1108 | D:2      | 1108 ||| DRINKING 3 puce potions.
  1109 | D:2      | 1109 ||| DROPPING 2 potions of brilliance.
  1127 | D:3      | 1127 ||| STAIRDANCE
  1273 | D:3      | Reached XP level 5. HP: 26/26 MP: 6/6
  1473 | D:3      | Noticed Terence
  1495 | D:3      | Killed Terence
  1783 | D:3      | Found an ancient bone altar of Kikubaaqudgha.
  1919 | D:3      | 1919 ||| UPGRADING to +0 robe of fire resistance.
  1929 | D:3      | 1929 ||| DROPPING +0 robe.
  1930 | D:3      | 1930 ||| READING 3 scrolls of identify.
  1930 | D:3      | 1930 ||| IDENTIFYING viscous green potion
  1931 | D:3      | 1931 ||| READING 2 scrolls of identify.
  1931 | D:3      | 1931 ||| IDENTIFYING emerald potion
  1932 | D:3      | 1932 ||| READING scroll of identify.
  1932 | D:3      | 1932 ||| IDENTIFYING fizzy grey potion
  1933 | D:3      | 1933 ||| READING 3 scrolls labelled NIDUKKU HEGG.
  1933 | D:3      | 1933 ||| ENCHANTING +0 robe of fire resistance.
  1934 | D:3      | 1934 ||| READING 2 scrolls of enchant armour.
  1934 | D:3      | 1934 ||| ENCHANTING +1 robe of fire resistance.
  1935 | D:3      | 1935 ||| DROPPING potion of lignification.
  2071 | D:4      | Reached XP level 6. HP: 28/30 MP: 7/7
  2317 | D:4      | 2317 ||| ZAPPING wand of flame (15) at 1,-1 (black bear;
                  | floor).
  2318 | D:4      | 2318 ||| ZAPPING wand of flame (14) at 1,-1 (black bear;
                  | floor).
  2427 | D:4      | Noticed Pikel
  2433 | D:4      | 2433 ||| ZAPPING wand of flame (13) at 0,-1 (Pikel; floor).
  2434 | D:4      | 2434 ||| ZAPPING wand of flame (12) at 0,-1 (Pikel; floor).
  2435 | D:4      | 2435 ||| ZAPPING wand of flame (11) at 0,-1 (Pikel; floor).
  2436 | D:4      | 2436 ||| ZAPPING wand of flame (10) at 0,-1 (Pikel; floor).
  2437 | D:4      | 2437 ||| ZAPPING wand of flame (9) at 0,-1 (Pikel; floor).
  2438 | D:4      | 2438 ||| ZAPPING wand of flame (8) at 0,-1 (Pikel; floor).
  2439 | D:4      | 2439 ||| ZAPPING wand of flame (7) at 0,-1 (Pikel; floor).
  2440 | D:4      | 2440 ||| ZAPPING wand of flame (6) at 0,-1 (Pikel; floor).
  2441 | D:4      | 2441 ||| ZAPPING wand of flame (5) at 0,-1 (Pikel; floor).
  2441 | D:4      | HP: 4/30 [Pikel/+0 whip of freezing (7)]
  2442 | D:4      | 2442 ||| DRINKING potion of heal wounds.
  2443 | D:4      | 2443 ||| ZAPPING wand of flame (4) at 0,-1 (Pikel; floor).
  2444 | D:4      | 2444 ||| ZAPPING wand of flame (3) at 0,-1 (Pikel; floor).
  2444 | D:4      | Killed Pikel
  2445 | D:4      | Reached XP level 7. HP: 26/35 MP: 8/8
  2669 | D:4      | Noticed Natasha
  2677 | D:4      | Killed Natasha
  2779 | D:4      | 2779 ||| UPGRADING to +1 cloak.
  2784 | D:4      | 2784 ||| READING 2 scrolls of enchant armour.
  2784 | D:4      | 2784 ||| ENCHANTING +1 cloak.
  2785 | D:4      | 2785 ||| DROPPING amulet of magic regeneration.
  2786 | D:4      | 2786 ||| UPGRADING to +6 ring of dexterity.
  2787 | D:4      | 2787 ||| READING scroll of identify.
  2787 | D:4      | 2787 ||| IDENTIFYING smoky blue potion
  2788 | D:4      | 2788 ||| READING scroll labelled DEMADYEP WIUWK.
  2889 | D:4      | 2889 ||| DROPPING potion of invisibility.
  2898 | D:5      | Entered Level 5 of the Dungeon
  2899 | D:5      | 2899 ||| RETREEEEATING.
  2900 | D:5      | 2900 ||| RETREEEEATING.
  2902 | D:5      | 2902 ||| RETREEEEATING.
  2903 | D:5      | 2903 ||| RETREEEEATING.
  2904 | D:5      | 2904 ||| RETREEEEATING.
  2905 | D:5      | 2905 ||| RETREEEEATING.
  2906 | D:5      | 2906 ||| RETREEEEATING.
  2915 | D:5      | 2915 ||| RETREEEEATING.
  2916 | D:5      | 2916 ||| RETREEEEATING.
  2936 | D:5      | HP: 8/35 [poisoned by a scorpion]
  2939 | D:5      | HP: 1/35 [poisoned by a scorpion]
  2940 | D:5      | Succumbed to a scorpion's poison

Levels and vault maps discovered:
D:1:      amcnicky_arrival_underground_garden, layout_rooms, serial_shops,
          nicolae_shop_tiny_statue_garden, minmay_tetromino_l4
D:2:      layout_rooms, basic_altar, shapermc_ecumenical_altar_starsandcircs
D:3:      layout_loops_ring, lemuel_crystal_altar, minmay_ruptured, uniq_terence
D:4:      layout_loops_ring, uniq_pikel, uniq_natasha
D:5:      layout_basic, nicolae_overflow_two_pavilions, supply_closet_lemuel

Skill      XL: |  1  2  3  4  5  6 |
---------------+-------------------+-----
Dodging        | 3 4 13 | 13.8
Ranged Weapons | 5 7 |  7.6
Fighting       | 2 |  2.1
Stealth        | |  1.5

Action                     |  1- 3 |  4- 6 |  7- 9 || total
---------------------------+-------+-------+-------++-------
   Fire: Shortbow          |   100 |   184 |    43 ||   327
  Evoke: Wand              |       |    13 |       ||    13
    Use: Scroll            |     5 |     8 |     3 ||    16
         Potion            |     2 |     2 |       ||     4
 Armour: Robe              |    10 |    31 |     6 ||    47
  Dodge: Dodged            |    41 |   134 |    63 ||   238

Table legend:
 A = Non-vault XP
 B = Vault XP
 C = Vault XP percentage of total XP
 D = Non-vault monster count
 E = Vault monster count
 F = Vault count percentage of total count
                 A         B        C        D         E       F
            +---------+---------+-------+---------+---------+-------
      Total |     703 |     715 |  50.4 |      83 |       9 |   9.8
            +---------+---------+-------+---------+---------+-------
        D:1 |      34 |       5 |  12.8 |      22 |       3 |  12.0
        D:2 |      46 |       0 |   0.0 |      15 |       0 |   0.0
        D:3 |     100 |      46 |  31.5 |      22 |       4 |  15.4
        D:4 |     215 |     664 |  75.5 |      17 |       2 |  10.5
        D:5 |     308 |       0 |   0.0 |       7 |       0 |   0.0
            +---------+---------+-------+---------+---------+-------
